 Dungeon Crawl Stone Soup version 0.29.1-12-g30fa7ad0bf (webtiles) character file.

Game seed: 12357904324501389235

6 CaptainMV the Conjurer (level 1, 0/14 HPs)
             Began as a Draconian Conjurer on Dec 16, 2022.
             Slain by a kobold
             ... wielding a +0 short sword
              (3 damage)
             ... on level 1 of the Dungeon.
             The game lasted 00:01:26 (78 turns).

CaptainMV the Conjurer (Draconian Conjurer)           Turns: 78, Time: 00:01:26

Health: 0/14       AC:  4    Str:  9    XL:     1   Next: 75%
Magic:  0/3        EV: 12    Int: 18    God:
Gold:   0          SH:  0    Dex:  9    Spells: 3/4 levels left

rFire   . . .      SeeInvis .   (no weapon)
rCold   . . .      Faith    .   (no shield)
rNeg    . . .      Spirit   .   (body armour unavailable)
rPois   .          Reflect  .   (helmet restricted)
rElec   .          Harm     .   (no cloak)
rCorr   .          Rampage  .   (no gloves)
Will    .....                   (no boots)
Stlth   ++........              (no amulet)
HPRegen 0.04/turn               (no ring)
MPRegen 0.08/turn               (no ring)

@: no status effects
A: AC +4, unfitting armour, cold-blooded
a: no special abilities


You were on level 1 of the Dungeon.
You visited 1 branch of the dungeon, and saw 1 of its levels.

Inventory:

Potions
 a - a potion of magic


   Skills:
 + Level 1.9 Dodging
 + Level 1.7 Stealth
 + Level 2.0 Spellcasting
 + Level 4.2 Conjurations


You had 3 spell levels left.
You knew the following spells:

 Your Spells              Type           Power      Damage    Failure   Level
a - Magic Dart            Conj           68%        1d6       3%          1

Your spell library contained the following spells:

 Spells                   Type           Power      Damage    Failure   Level
 Searing Ray              Conj           34%        2d5       4%          2
 Dazzling Flash           Conj/Hex       18%        N/A       22%         3
 Fulminant Prism          Conj/Hex       4%         3d6       58%         4
 Iskenderun's Mystic Bla  Conj/Tloc      9%         2d4       58%         4


Dungeon Overview and Level Annotations

Branches:
Dungeon (1/15)

Altars:


Innate Abilities, Weirdness & Mutations

Your plain brown scales are hard. (AC +4)
You cannot fit into any form of body armour.
You are cold-blooded and may be slowed by cold attacks.


Message History

The bat barely misses you. The ball python bites you.
The ball python grabs you. The ball python constricts you.
The kobold throws a stone.
The stone hits you but does no damage.
The goblin shouts!
You hit the ball python.
The ball python is severely wounded.
The bat hits you but does no damage. The ball python barely misses you.
The ball python constricts you. The bat barely misses you.
You closely miss the ball python.
The ball python is severely wounded.
The bat hits you but does no damage.
The ball python bites you but does no damage.
The ball python constricts you. The bat closely misses you.
You barely miss the ball python. You tail-slap the ball python.
You kill the ball python!
The bat hits you but does no damage. The bat closely misses you.
You completely miss the bat. The bat hits you but does no damage.
The bat barely misses you.
You hit the bat but do no damage. The bat closely misses you.
The bat barely misses you.
A goblin comes into view. It is wielding a +0 club.
Casting: Magic Dart (safe; 3% risk of failure)
Confirm with . or Enter, or press ? or * to list all spells.
Aiming: Magic Dart (safe; 3% risk of failure)
Press: ? - help, Shift-Dir - straight line, f - goblin
Aim: a goblin, wielding a +0 dagger (100% to hit)
The magic dart hits the goblin.
You kill the goblin!
The bat hits you. The bat hits you but does no damage.
The kobold throws a stone.
The stone barely misses you.
You hit the bat. You tail-slap the bat.
You kill the bat!
The bat closely misses you.
The kobold throws a stone.
The stone hits you but does no damage. The bat closely misses you.
The kobold hits you with a +0 short sword.
* * * LOW HITPOINT WARNING * * *
You closely miss the kobold.
The kobold hits you with a +0 short sword.
You die...

#.## #.........
#..# #.........
##.####........
#..†........#
###.........#
#.........#
#.........#####.
#.....†..b......
#.......@K#...
#...............
#........)g.....
#####...........
#...........
##..........
#....#...#.
#..####...


You could see a goblin, a bat and a kobold.

Vanquished Creatures
  2 ball pythons (D:1)
  A goblin (D:1)
  2 bats (D:1)
  A rat (D:1)
6 creatures vanquished.

Notes
Turn   | Place    | Note
-------+----------+-------------------------------------------
     0 | D:1      | CaptainMV the Draconian Conjurer began the quest for the
                  | Orb.
     0 | D:1      | Reached XP level 1. HP: 14/14 MP: 3/3
    78 | D:1      | Slain by a kobold

Illustrated notes

Levels and vault maps discovered:
D:1:      minmay_arrival_split_and_join, layout_rooms

Action                   || total
-------------------------++-------
Melee: Unarmed           ||    11
       Tailslap          ||     2
 Cast: Magic Dart        ||     5
Armor: Skin              ||    11
Dodge: Dodged            ||    14
